 Dungeon Crawl Stone Soup version 0.14.1-9-g552248a (webtiles) character file.

1486 Heini the Protected (level 8, -5/71 HPs)
             Began as a Minotaur Fighter on May 26, 2014.
             Splashed by an oklob plant's acid (16 damage)
             ... on Level 5 of the Dungeon.
             The game lasted 00:16:04 (4854 turns).

Heini the Protected (Minotaur Fighter)              Turns: 4854, Time: 00:16:04

HP  -5/71        AC  7     Str 24      XL: 8   Next: 24%
MP   3/3         EV  7     Int  5      God:
Gold 252         SH 18     Dex  9      Spells:  0 memorised,  7 levels left

rFire  . . .     SeeInvis .     a - +0 flail
rCold  . . .     Clarity  .     b - -1 scale mail
rNeg   + . .     Conserve .     c - -1 shield
rPois  .         rCorr    .     (helmet restricted)
rElec  .         rRot     .     (no cloak)
SustAb . .       Spirit   .     l - -2 pair of gloves
rMut   .         Warding  +     v - -1 pair of boots
Saprov . . .     Stasis   .     s - amulet of warding
MR     .....                    (no ring)
                                (no ring)

@: not resistant to hostile enchantments, extremely unstealthy
A: retaliatory headbutt, horns 2
a: no special abilities


You were on level 5 of the Dungeon.
You were very hungry.

You visited 1 branch of the dungeon, and saw 5 of its levels.

You collected 252 gold pieces.

Inventory:

Hand weapons
 a - a +0,+0 flail (weapon)
Armour
 b - a -1 scale mail (worn)
 c - a -1 shield (worn)
 l - a -2 pair of gloves (worn)
 t - a +0 plate armour
 v - a -1 pair of boots (worn)
Comestibles
 d - 5 bread rations
 f - a pear
 k - a rotting chunk of big fish flesh
 m - 9 grapes
 p - 6 meat rations
 q - a choko
 r - a banana
Scrolls
 i - a scroll of remove curse
 n - a scroll of fear {unknown}
 w - a scroll of identify
Jewellery
 o - an uncursed ring of regeneration
 s - an amulet of warding (around neck)
Potions
 e - a potion of might
 g - 4 potions of curing
 h - 4 potions of brilliance


   Skills:
 * Level 6.8 Fighting
 * Level 7.4 Maces & Flails
 * Level 8.4 Armour
 - Level 3.6 Shields


You had 7 spell levels left.
You didn't know any spells.

Dungeon Overview and Level Annotations

Branches:
Dungeon (5/15)
 Temple: D:4-7

Altars:
Ashenzari
Fedhas
Zin

Shops:
D:4 *   D:5 %?:?

Annotations:
D:5 exclusion: oklob plant


Innate Abilities, Weirdness & Mutations

You reflexively headbutt those who attack you in melee.
You have a pair of horns on your head.


Message History

The oklob plant is heavily damaged.
You completely miss the oklob plant.
The oklob plant is heavily damaged.
The oklob plant spits acid at you. You block the splash of acid.
You hit the oklob plant. You headbutt the oklob plant.
The oklob plant is severely damaged.
You hit the oklob plant.
You headbutt the oklob plant, but do no damage.
The oklob plant is severely damaged.
You hit the oklob plant.
You headbutt the oklob plant, but do no damage.
The oklob plant is severely damaged.
You thump the oklob plant!
The oklob plant is almost destroyed.
You hit the oklob plant but do no damage.
The oklob plant is almost destroyed.
The oklob plant spits acid at you. The splash of acid hits you!
The acid burns!
You die... ###.........# #........#.<##.. .##..>......# #........#.###.. .##.........#### #..........# #.. ..'.........'..# #........### #.. ###################.......## #..
PPPP.♣PPP#Pfff♣#fP#.......(####.. fff...PP#.#PP.%P♣f######..(...... ♣♣PPP#PfPPf♣P♣.%Pf# ###(#.(.....
PPPPff#PPP#PPf.%@P#

#.(..##.....
PPfP........Pff%f#####'...#.#....
fPP..≈≈≈≈≈..PPP%♣P#..)....(#.##..
♣f..≈≈≈≈≈≈≈..fPP.P#..)......##.#.
P..≈≈≈≈≈≈≈≈≈......#....<....#.#.#
f.≈≈≈≈≈≈≈≈≈≈≈.PPPP#..........#.##
#.≈≈≈≈...≈≈≈≈.f♣P##...........##.
..≈≈≈≈._......PfP♣###'##.........
#.≈≈≈≈...≈≈≈≈..P#P# #.##.........


You could see an oklob plant.

Vanquished Creatures
  An ice beast (D:5)
  A necrophage (D:5)
  2 ogres
  A giant frog (D:4)
  3 hounds (D:4)
  2 big fish (D:5)
  2 orc priests (D:5)
  2 crimson imps
  A giant frog skeleton (D:4)
  6 orc wizards
  An iguana (D:4)
  3 worker ants
  A hound skeleton (D:4)
  4 gnolls
  4 adders
  A gnoll zombie (D:3)
  A goliath beetle zombie (D:5)
  8 giant geckos
  2 oozes
  18 orcs
  2 ball pythons (D:1)
  A bat skeleton (D:4)
  3 giant cockroaches
  16 goblins
  14 hobgoblins
  11 kobolds
  A quokka (D:2)
  8 bats
  5 giant newts
  A giant newt skeleton (D:4)
  6 rats
  3 fungi (D:5)
  3 plants (D:5)
138 creatures vanquished.

Vanquished Creatures (others)
  An orc wizard (D:4)
1 creature vanquished.

Grand Total: 139 creatures vanquished

Notes
Turn   | Place    | Note
--------------------------------------------------------------
     0 | D:1      | Heini, the Minotaur Fighter, began the quest for the Orb.
     0 | D:1      | Reached XP level 1. HP: 19/19 MP: 1/1
    58 | D:1      | Reached XP level 2. HP: 27/27 MP: 1/1
   115 | D:1      | Reached skill level 4 in Armour
   650 | D:2      | Found a shattered altar of Ashenzari.
   760 | D:2      | Reached XP level 3. HP: 33/33 MP: 2/2
  1241 | D:3      | Reached skill level 5 in Armour
  1241 | D:3      | Reached XP level 4. HP: 41/41 MP: 2/2
  2256 | D:3      | Reached XP level 5. HP: 47/47 MP: 2/2
  2337 | D:3      | Reached skill level 5 in Fighting
  2697 | D:4      | Reached skill level 6 in Armour
  2817 | D:4      | Reached XP level 6. HP: 25/56 MP: 3/3
  3169 | D:4      | Found Zin's Purification Station.
  3172 | D:4      | Found a glowing silver altar of Zin.
  3256 | D:4      | Noticed an ogre
  3265 | D:4      | Reached skill level 7 in Armour
  3270 | D:4      | Killed an ogre
  3270 | D:4      | Reached skill level 5 in Maces & Flails
  3270 | D:4      | Reached XP level 7. HP: 35/62 MP: 3/3
  3580 | D:5      | Entered Level 5 of the Dungeon
  3709 | D:5      | Reached skill level 8 in Armour
  4036 | D:5      | Found Gayraoju's Book Shop.
  4146 | D:5      | Reached XP level 8. HP: 37/71 MP: 3/3
  4174 | D:5      | Found Suurhytoa's Magic Scroll Shoppe.
  4242 | D:5      | Found Mnaduela's Magic Scroll Shoppe.
  4340 | D:5      | Gained mutation: Space occasionally distorts in your vicinity. [potion of mutation]
  4340 | D:5      | Gained mutation: Your system is resistant to poisons. [potion of mutation]
  4340 | D:5      | Gained mutation: Your flesh is heat resistant. [potion of mutation]
  4341 | D:5      | Lost mutation: Your flesh is heat resistant. [potion of cure mutation]
  4341 | D:5      | Lost mutation: Your system is resistant to poisons. [potion of cure mutation]
  4341 | D:5      | Lost mutation: Space occasionally distorts in your vicinity. [potion of cure mutation]
  4390 | D:5      | Found Friamasch's Food Emporium.
  4476 | D:5      | Found a blossoming altar of Fedhas.
  4772 | D:5      | Noticed an oklob plant
  4854 | D:5      | Splashed by an oklob plant's acid

Action                   |  1- 3 |  4- 6 |  7- 9 || total
-------------------------+-------+-------+-------++-------
Melee: Flail             |    83 |   143 |   203 ||   429
  Use: Scroll            |     3 |     1 |     6 ||    10
       Potion            |       |       |     3 ||     3
